 Dungeon Crawl Stone Soup version 0.31.0-11-ge490571c62 (webtiles) character file.

Game seed: 7222204538406192206

4160 hawla the Arsonist (level 10, -5/58 HPs)
             Began as a Deep Elf Fire Elementalist on Jan 31, 2024.
             Was a Follower of Vehumet.
             Killed from afar by an acid dragon (12 damage)
             ... with a splash of acid
             ... on level 8 of the Dungeon.
             The game lasted 00:22:22 (6780 turns).

hawla the Arsonist (Deep Elf Fire Elementalist)     Turns: 6780, Time: 00:22:23

Health: -5/58      AC:  0    Str:  5    XL:     10   Next: 7%
Magic:  23/27      EV: 14    Int: 25    God:    Vehumet [*.....]
Gold:   568        SH:  0    Dex: 18    Spells: 2/17 levels left

rFire   + . .        o - staff of air
rCold   . . .        (no shield)
rNeg    . . .        n - +0 robe of Finuyt {rCorr Slay-3 SInv Archmagi}
rPois   .            f - +0 helmet
rElec   +            d - +1 cloak
rCorr   +            k - +2 pair of gloves {Dex+3}
SInv    +            (no boots)
Will    +....        b - amulet of magic regeneration
Stlth   ++           j - ring of magical power
HPRegen 0.29/turn    v - ring of Renyosm {rF+ rCorr}
MPRegen 0.60/turn

%: archmagi
@: mighty, corroded, on blink cooldown, studying Fighting
A: passive freeze, robust 1, inability to read after injury 1
a: Renounce Religion


You were on level 8 of the Dungeon.
You worshipped Vehumet.
Vehumet was aware of your devotion.
You visited 2 branches of the dungeon, and saw 9 of its levels.

You collected 1368 gold pieces.
You spent 800 gold pieces at shops.

Inventory:

Armour
 d - a +1 cloak (worn)
 f - a +0 helmet (worn)
 k - a +2 pair of gloves of dexterity (worn)
 n - the +0 robe of Finuyt (worn) {rCorr Slay-3 SInv Archmagi}
   (You found it on level 3 of the Dungeon)

   Slay-3:    It affects your accuracy & damage with ranged weapons and melee
   (-3).
   SInv:      It lets you see invisible.
   rCorr:     It protects you from acid and corrosion.
   Archmagi:  It increases the power of your magical spells.
 y - +0 steam dragon scales
Magical Staves
 o - a staff of air (weapon)
Jewellery
 b - an amulet of magic regeneration (around neck)
 e - an amulet of regeneration
 j - a ring of magical power (left hand)
 l - a ring of see invisible
 v - the ring of Renyosm (right hand) {rF+ rCorr}
   (You found it on level 6 of the Dungeon)

   [ring of resist corrosion]

   rF+:       It protects you from fire.
   rCorr:     It protects you from acid and corrosion.
 D - a ring of fire
 E - a +5 ring of evasion
Wands
 t - a wand of flame (18) (quivered)
 u - a wand of iceblast (10)
 C - a wand of light (23)
Scrolls
 h - a scroll of immolation
 s - a scroll of fog
 w - 2 scrolls of teleportation
 z - a scroll of enchant weapon
 B - a scroll of vulnerability
 F - a scroll of revelation {unknown}
Potions
 a - 2 potions of enlightenment
 c - a potion of mutation
 g - 2 potions of curing
 i - a potion of might
 m - 2 potions of lignification {unknown}
 p - a potion of brilliance
 q - 2 potions of degeneration {unknown}
 r - 2 potions of ambrosia {unknown}
 x - a potion of invisibility {unknown}
 A - a potion of magic


   Skills:
 + Level 1.6 Fighting
 - Level 5.0 Dodging
 - Level 2.4 Stealth
 - Level 4.0 Spellcasting
 - Level 9.0 Conjurations
 - Level 1.0 Translocations
 - Level 12.0 Fire Magic
 - Level 2.0 Air Magic
 - Level 3.0 Evocations


You had 2 spell levels left.
You knew the following spells:

 Your Spells              Type           Power      Damage    Failure   Level
a - Foxfire               Conj/Fire      100%       2x1d9     1%          1
b - Scorch                Fire           100%       2d9       1%          2
c - Flame Wave            Conj/Fire      72%        2d16      1%          4
d - Starburst             Conj/Fire      36%        6d11      19%         6
e - Blink                 Tloc           30%        N/A       9%          2

Your spell library contained the following spells:

 Spells                   Type           Power      Damage    Failure   Level
 Shock                    Conj/Air       100%       1d9       1%          1
 Magic Dart               Conj           100%       1d8       1%          1
 Freeze                   Ice            28%        1d5       9%          1
 Call Imp                 Summ           14%        N/A       14%         2
 Volatile Blastmotes      Fire/Tloc      100%       2d18      1%          3
 Inner Flame              Hex/Fire       51%        N/A       2%          3
 Dazzling Flash           Conj/Hex       82%        N/A       4%          3
 Hailstorm                Conj/Ice       41%        3d9       4%          3
 Mephitic Cloud           Conj/Alch/Air  51%        N/A       6%          3
 Frozen Ramparts          Ice            14%        1d3       26%         3
 Silence                  Hex/Air        11%        N/A       86%         5
 Curse of Agony           Necr           7%         N/A       94%         5
 Maxwell's Capacitive Co  Air            16%        ∞         100%        8


Dungeon Overview and Level Annotations

Branches:
Dungeon (8/15)             Temple (1/1) D:5
   Lair: D:8-11

Altars:
Ashenzari
Dithmenos
Elyvilon
Fedhas
Gozag
Nemelex Xobeh
Okawaru
Qazlal
Ru
Sif Muna
Trog
Uskayaw
Vehumet
Wu Jian
Xom
Yredelemnul
Zin
The Shining One

Shops:
D:4 :   D:6 ?   D:7 :

Annotations:
D:6 2 transporters, TheRegalBeagle's ghost, novice NaFi


Innate Abilities, Weirdness & Mutations

A frigid envelope surrounds you and freezes all who hurt you.
You are robust. (+10% HP)
You occasionally lose the ability to read scrolls when taking damage.


Message History

Vehumet accepts your kill.
The flame wave engulfs the steam dragon.
The steam dragon is heavily wounded. (Press . to intensify the flame waves.)
The steam dragon closely misses you. The steam dragon claws you.
Training target 12.0 for Fire Magic reached!
Your Fire Magic skill increases to level 12!
You need to enable at least one skill for training.
A wave of flame ripples out!
The flame wave engulfs the acid dragon!
The acid dragon is moderately wounded.
The flame wave engulfs the steam dragon!!
You kill the steam dragon!
Vehumet accepts your kill. The acid dragon bites you.
The acid dragon claws you.
* * * LOW HITPOINT WARNING * * *
Training target 1.0 for Translocations reached!
Your Translocations skill increases to level 1!
You need to enable at least one skill for training.
Your Fighting skill increases to level 1!
You feel better. The acid dragon spits acid at you.
The splash of acid hits you! You resist.
* * * LOW HITPOINT WARNING * * *
Casting: Flame Wave (dangerous; 1% risk of failure)
Confirm with . or Enter, or press ? or * to list all spells.
You feel a surge of power!
You blink.
The acid dragon spits acid at you. The splash of acid hits you! You resist.
* * * LOW HITPOINT WARNING * * *
The acid corrodes you!
You feel better.
It was a potion of might.
You feel very mighty all of a sudden.
You are too injured to fight recklessly!
It was a potion of mutation.
You feel extremely strange.
You occasionally lose the ability to read scrolls when taking damage.
Your skin feels very cold.
You feel robust. The acid dragon spits acid at you.
The splash of acid hits you! You resist.
You die...

.. .................#
... ......########..# ..
.....# #..# ####.#....#
#..# ......).†.######
#..# #### #...#....#
#..# ..... #...#....#
#..#
......##D..#....###..###
.......@................
...######..##..#.##..###
###............#
............>....#
#.###.....#####.....
........# #.....
######### #..### #..#


You could see an acid dragon (catching breath).

Vanquished Creatures
  Pikel (D:7)
  Grinder (D:4)
  Sigmund (D:3)
  Eustachio (D:4)
  A wyvern (D:7)
  2 steam dragons
  Menkaure (D:5)
  2 water moccasins
  Duvessa (D:6)
  An ice beast (D:7)
  An orc warrior (D:7)
  2 centaurs
  4 lemures (D:7)
  A phantom (D:7)
  3 bullfrogs
  6 scorpions
  4 wights (D:7)
  Dowan (D:6)
  2 howler monkeys (D:7)
  A gnoll bouda (D:6)
  A jelly (D:5)
  A bombardier beetle (D:6)
  6 hounds
  An orc priest (D:3)
  6 iguanas
  2 sleepcaps
  Terence (D:3)
  2 orc wizards
  Natasha (thrice) (D:3)
  16 gnolls
  2 adders
  9 river rats (D:5)
  2 white imps (D:5)
  2 ufetubi (D:6)
  3 ribbon worms
  A dart slug (D:1)
  8 orcs
  8 bats
  4 endoplasms (D:1)
  8 giant cockroaches
  9 goblins
  9 hobgoblins
  7 jackals
  11 quokkas
  9 ball pythons
  5 frilled lizards
  48 kobolds
  22 rats
243 creatures vanquished.

Vanquished Creatures (others)
  365 foxfires
365 creatures vanquished.

Grand Total: 608 creatures vanquished

Notes
Turn   | Place    | Note
-------+----------+-------------------------------------------
     0 | D:1      | hawla the Deep Elf Fire Elementalist began the quest for
                  | the Orb.
     0 | D:1      | Reached XP level 1. HP: 10/10 MP: 6/6
   183 | D:1      | Reached XP level 2. HP: 15/15 MP: 0/8
   186 | D:1      | Learned a level 2 spell: Scorch
   460 | D:1      | Reached XP level 3. HP: 18/19 MP: 4/9
   850 | D:1      | You fall into a shaft and drop 1 floor!
  1528 | D:2      | Found a hide-covered altar of Uskayaw.
  1814 | D:2      | Reached XP level 4. HP: 24/24 MP: 10/10
  1984 | D:3      | Reached skill level 4 in Fire Magic
  2032 | D:3      | Learned a level 4 spell: Flame Wave
  2097 | D:3      | Noticed Terence
  2104 | D:3      | Killed Terence
  2148 | D:3      | Identified the +0 robe of Finuyt {rCorr Slay-3 SInv
                  | Archmagi}
  2217 | D:3      | Noticed a bullfrog
  2220 | D:3      | Killed a bullfrog
  2221 | D:3      | Reached XP level 5. HP: 28/28 MP: 13/13
  2352 | D:3      | Noticed Sigmund
  2359 | D:3      | Killed Sigmund
  2360 | D:3      | Reached skill level 5 in Dodging
  2360 | D:3      | Reached XP level 6. HP: 32/32 MP: 14/14
  2361 | D:3      | Noticed Natasha
  2366 | D:3      | Killed Natasha
  2367 | D:3      | Reached skill level 5 in Fire Magic
  2522 | D:3      | Reached skill level 6 in Fire Magic
  2533 | D:3      | Reached XP level 7. HP: 34/36 MP: 13/15
  2764 | D:3      | Noticed Natasha
  2768 | D:3      | Killed Natasha
  2971 | D:3      | Noticed Natasha
  2974 | D:3      | Killed Natasha
  3097 | D:4      | Reached skill level 7 in Fire Magic
  3166 | D:4      | Found a shimmering altar of Xom.
  3245 | D:4      | Found a shadowy altar of Dithmenos.
  3303 | D:4      | Found Plog's Self-Improvement Boutique.
  3400 | D:4      | Found Getyoz's Tremendous Tomes.
  3422 | D:4      | Noticed Grinder
  3433 | D:4      | Killed Grinder
  3434 | D:4      | Reached skill level 8 in Fire Magic
  3434 | D:4      | Reached XP level 8. HP: 41/41 MP: 16/16
  3490 | D:4      | Reached skill level 1 in Air Magic
  3490 | D:4      | Noticed Eustachio
  3499 | D:4      | Killed Eustachio
  3747 | D:4      | Found a glowing silver altar of Zin.
  3771 | D:4      | Found a hide-covered altar of Uskayaw.
  3771 | D:4      | Found a sparkling altar of Nemelex Xobeh.
  3790 | D:4      | Found a basalt altar of Yredelemnul.
  3913 | D:5      | Entered Level 5 of the Dungeon
  3930 | D:5      | Reached skill level 5 in Conjurations
  3940 | D:5      | Noticed Menkaure
  3945 | D:5      | Killed Menkaure
  4491 | D:5      | Found a staircase to the Ecumenical Temple.
  4512 | Temple   | Entered the Ecumenical Temple
  4650 | D:5      | Identified a scroll of acquirement
  4650 | D:5      | Acquired 752 gold pieces
  4686 | D:6      | Noticed Dowan
  4693 | D:6      | Killed Dowan
  4693 | D:6      | Noticed Duvessa
  4701 | D:6      | Killed Duvessa
  4702 | D:6      | Reached XP level 9. HP: 15/45 MP: 14/17
  4842 | D:6      | Found a radiant altar of Vehumet.
  4855 | D:6      | Became a worshipper of Vehumet
  4863 | D:6      | Learned a level 6 spell: Starburst
  4957 | D:6      | Found Zesihon's Magic Scroll Shoppe.
  5007 | D:6      | Identified the ring of Renyosm {rF+ rCorr}
  5226 | D:6      | Noticed a cyclops
  5242 | D:6      | Noticed TheRegalBeagle's ghost (novice NaFi)
  5245 | D:6      | Found a transporter.
  5254 | D:6      | Found a transporter.
  5528 | D:4      | Bought a manual of Fighting for 800 gold pieces
  5607 | D:7      | Found an opulent altar of Gozag.
  5659 | D:7      | Noticed Pikel
  5669 | D:7      | Reached skill level 9 in Fire Magic
  5674 | D:7      | Killed Pikel
  5675 | D:7      | Reached skill level 10 in Fire Magic
  5904 | D:7      | Found Ezadap's Book Shoppe.
  5941 | D:7      | Reached skill level 11 in Fire Magic
  5970 | D:7      | Reached * piety under Vehumet
  5970 | D:7      | Offered knowledge of Shock by Vehumet.
  6418 | D:7      | Reached XP level 10. HP: 38/50 MP: 18/18
  6606 | D:7      | Learned a level 2 spell: Blink
  6774 | D:8      | Reached skill level 12 in Fire Magic
  6775 | D:8      | Reached skill level 1 in Translocations
  6775 | D:8      | Reached skill level 1 in Fighting
  6777 | D:8      | HP: 1/53 [acid dragon/splash of acid (9)]
  6780 | D:8      | Gained mutation: You occasionally lose the ability to read
                  | scrolls when taking damage. [potion of mutation]
  6780 | D:8      | Gained mutation: A frigid envelope surrounds you and
                  | freezes all who hurt you. [potion of mutation]
  6780 | D:8      | Gained mutation: You are robust. (+10% HP) [potion of
                  | mutation]
  6780 | D:8      | Killed from afar by an acid dragon

Illustrated notes

Levels and vault maps discovered:
D:1:      wheals_arrival_linesprint, layout_basic, minmay_tripent
D:2:      minmay_chambers_of_ones, layout_basic, basic_altar
D:3:      minmay_goblin_kobold_castle, layout_loops_ring, uniq_sigmund,
          uniq_terence, uniq_natasha
D:4:      layout_basic, nicolae_dithmenos_the_darkroom,
          mainiacjoe_overflow_swirl, lemuel_doored_altar,
          gammafunk_temple_overflow_elements, minivault_4,
          nicolae_shop_i_like_big_books, st_stairs_13, nicolae_shop_self_help,
          uniq_eustachio, uniq_grinder
D:5:      lemuel_ratsnest, layout_basic, minmay_temple_entry_arrows,
          minmay_crystal_room, uniq_menkaure
D:6:      layout_loops_cross, vehumet_altar_wand_db, serial_shops, shop_statue,
          gammafunk_ghost_arena, uniq_duvessa
D:7:      layout_basic, mainiacjoe_overflow_small_starburst, serial_shops,
          nicolae_shop_crystal, minmay_bent, uniq_pikel
D:8:      kennysheep_housing_project, layout_basic, the_hattery
Temple:   nicolae_temple_bog_church

Skill      XL: |  1  2  3  4  5  6  7  8  9 10 |
---------------+-------------------------------+-----
Conjurations   | 2 3 4 8 9 |  9.0
Fire Magic     | 4 6 8 11 12 | 12.0
Spellcasting   | 4 |  4.0
Dodging        | 3 5 |  5.0
Evocations     | 3 |  3.0
Air Magic      | 2 |  2.0
Translocations | 1 |  1.0
Fighting       | 1 |  1.6
Stealth        | |  2.4

Action                     |  1- 3 |  4- 6 |  7- 9 | 10-12 || total
---------------------------+-------+-------+-------+-------++-------
  Melee: Unarmed           |    11 |     6 |     8 |       ||    25
         Staff             |       |       |    59 |     1 ||    60
   Cast: Foxfire           |    55 |    55 |   107 |     5 ||   222
         Scorch            |    17 |    20 |    66 |     2 ||   105
         Flame Wave        |       |     4 |    19 |     1 ||    24
         Blink             |       |       |       |     1 ||     1
    Use: Potion            |     1 |       |     1 |     4 ||     6
         Scroll            |     1 |     1 |     9 |     1 ||    12
 Armour: Robe              |     7 |    12 |    76 |    11 ||   106
  Dodge: Dodged            |    17 |    16 |   119 |     5 ||   157
